 Dungeon Crawl Stone Soup version 0.27-a0-1188-g73eefd5def (webtiles) character file.

Game seed: 11589424346478360238

13797 toffzen the Spear-Bearer (level 12, -1/114 HPs)
             Began as a Tengu Berserker on May 21, 2021.
             Was an Elder of Trog.
             Slain by Snorg (12 damage)
             ... on level 11 of the Dungeon.
             The game lasted 00:19:13 (12181 turns).

toffzen the Spear-Bearer (Tengu Berserker)         Turns: 12181, Time: 00:19:14

Health: -1/114     AC: 19    Str: 22    XL:     12   Next: 9%
Magic:  13/13      EV: 14    Int:  9    God:    Trog [****..]
Gold:   612        SH:  4    Dex: 15    Spells: 11/11 levels left

rFire    + + .     SeeInvis .   b - +4 long sword "Adwed" {vamp, Int+2}
rCold    + . .     Faith    .   o - +0 buckler
rNeg     . . .     Spirit   .   z - +4 chain mail of the Four Invaders {rF+ rC+}
rPois    .         Reflect  .   P - +0 hat {Will+}
rElec    .         Harm     .   v - +1 cloak
rCorr    .         Rampage  .   s - +0 pair of gloves
Will     +....                  (boots unavailable)
Stlth    ..........             (no amulet)
HPRegen  0.29/turn              r - ring of protection from fire
MPRegen  0.13/turn              (no ring)

@: berserking (expiring), flying quickly and evasively, very quick
A: beak, talons 3, nimble flight
a: Renounce Religion, Berserk, Trog's Hand, Brothers in Arms


You were on level 11 of the Dungeon.
You worshipped Trog.
Trog was greatly pleased with you.
You visited 1 branch of the dungeon, and saw 11 of its levels.

You collected 612 gold pieces.

Inventory:

Hand Weapons
 a - the +10 falchion "Kasso" {antimagic, Fly Str+5}
   (You found it on level 4 of the Dungeon)

   It reduces the magical energy of the wielder, and disrupts the spells and
   magical abilities of those hit.
   Natural abilities and divine invocations are not affected.
   It affects your strength (+5).
   It grants you flight.
 b - the +4 long sword "Adwed" (weapon) {vamp, Int+2}
   (You found it on level 11 of the Dungeon)

   It inflicts no extra harm, but heals its wielder when it wounds a living foe.
   It affects your intelligence (+2).
 Q - a +1 trident
Missiles
 d - 428 stones
 j - a throwing net
 q - 2 curare-tipped darts
Armour
 o - a +0 buckler (worn)
 s - a +0 pair of gloves (worn)
 v - a +1 cloak (worn)
 z - the +4 chain mail of the Four Invaders (worn) {rF+ rC+}
   (You took it off an orc on level 7 of the Dungeon)

   It protects you from fire.
   It protects you from cold.
 H - a +10 plate armour of ponderousness
 P - a +0 hat of willpower (worn)
Jewellery
 f - a ring of magical power
 r - a ring of protection from fire (left hand)
Wands
 C - a wand of digging (7)
 D - a wand of iceblast (16)
 E - a wand of polymorph (5)
 I - a wand of flame (17)
 L - a wand of charming (4)
 R - a wand of paralysis (12)
Scrolls
 g - a scroll of immolation {unknown}
 h - 2 scrolls of enchant weapon
 i - 2 scrolls of brand weapon {unknown}
 k - 4 scrolls of fog
 l - 3 scrolls of teleportation
 n - a scroll of enchant armour {unknown}
 p - a scroll of acquirement {unknown}
 u - 3 scrolls of noise {unknown}
 y - a scroll of blinking {unknown}
 A - a scroll of amnesia {unknown}
 K - 2 scrolls of torment
 N - 2 scrolls of magic mapping
 O - a scroll of identify
Potions
 c - 2 potions of lignification
 e - 10 potions of curing
 m - a potion of brilliance {unknown}
 t - 3 potions of might
 w - 2 potions of mutation {unknown}
 x - a potion of resistance {unknown}
 B - 2 potions of haste {unknown}
 F - a potion of degeneration {unknown}
 G - 5 potions of heal wounds {unknown}
 J - 2 potions of invisibility
 M - 2 potions of attraction {unknown}


   Skills:
 + Level 9.2 Fighting
 * Level 13.2 Polearms
 + Level 9.7 Armour
 + Level 9.7 Dodging
 + Level 1.2 Shields


You had 11 spell levels left.
You didn't know any spells.
Your spell library was empty.

Dungeon Overview and Level Annotations

Branches:
Dungeon (11/15)            Temple (0/1) D:5             Orc (0/2) D:11
   Lair: D:8-11

Altars:
Ashenzari
Cheibriados
Elyvilon
Hepliaklqana
Kikubaaqudgha
Okawaru
Qazlal
Ru
Sif Muna
Uskayaw
Wu Jian
Zin

Shops:
D:8 *

Annotations:
D:2 1 runed translucent door, 1 exclusion, Crazy Yiuf
D:3 3 runed translucent doors, eXtarkYa's ghost, amateur DrCj
D:11 Snorg


Innate Abilities, Weirdness & Mutations

You have a beak for a mouth.
You have claws for feet.
Your magical nature lets you fly swiftly and evasively.


Message History

Snorg barely misses you. You block Snorg's attack.
You slash Snorg! Your kick misses Snorg.
Snorg is lightly wounded.
Snorg bites you! Snorg misses you. Snorg claws you but does no damage.
You barely miss Snorg. Your kick misses Snorg.
Snorg is lightly wounded.
You block Snorg's attack. Snorg completely misses you. Snorg claws you!
Snorg barely misses you.
You riposte.
You barely miss Snorg. Your kick misses Snorg.
Snorg is lightly wounded.
Snorg misses you. Snorg claws you.
You slash Snorg! You claw Snorg! Your peck misses Snorg.
Snorg is moderately wounded.
Snorg bites you!! Snorg claws you but does no damage. Snorg closely misses you.
You slash Snorg!
You feel better.
You claw Snorg!
Snorg is heavily wounded.
Snorg closely misses you. You block Snorg's attack.
Snorg claws you but does no damage.
You barely miss Snorg.
Snorg is heavily wounded.
Snorg bites you but does no damage. Snorg barely misses you.
Snorg completely misses you. You block Snorg's attack. Snorg misses you.
Snorg claws you but does no damage.
You slash Snorg! Your kick misses Snorg.
Snorg is heavily wounded.
Snorg closely misses you. Snorg claws you!! Snorg closely misses you.
You slash Snorg!
You feel better.
Your kick misses Snorg.
Snorg is severely wounded.
Snorg bites you but does no damage. Snorg claws you! Snorg closely misses you.
Snorg bites you!
* * * LOW HITPOINT WARNING * * *
Snorg claws you.
* * * LOW HITPOINT WARNING * * *
You block Snorg's attack.
You slice Snorg!!
Snorg is severely wounded.
Snorg barely misses you. Snorg claws you!
* * * LOW HITPOINT WARNING * * *
Snorg claws you!
You die...

#.# #.# ########'##
######' #.........#
.......
#.........###.......
+.........#.'..g.T..
#.........#.#.>.....
#.......T.'.########
#......@..###
###########


You could see Snorg (berserk).

Vanquished Creatures
  Gastronok (D:11)
  Harold (D:7)
  Erolcha (D:11)
  A two-headed ogre (D:10)
  Maggie (D:9)
  2 komodo dragons
  Psyche (D:9)
  2 trolls (D:11)
  3 wraiths
  A wyvern (D:11)
  14 yaks
  5 humans (D:10)
  A basilisk (D:11)
  A steam dragon (D:8)
  2 acid dragons (D:10)
  3 water moccasins
  7 orc warriors
  An ice beast (shapeshifter) (D:10)
  2 ogres
  3 black bears
  A necrophage (D:4)
  5 centaurs
  2 kobold brigands
  6 gnoll sergeants
  Blork the orc (D:6)
  3 wyvern zombies
  2 scorpions (D:11)
  2 water moccasin skeletons (D:5)
  16 killer bees
  3 wights (D:8)
  A vampire bat (D:9)
  3 howler monkeys (D:10)
  3 centaur zombies
  2 centaur skeletons
  2 hounds (D:6)
  2 orc priests
  2 jellies (D:5)
  Ijyb (D:3)
  3 iguanas
  An orc wizard (D:7)
  A killer bee zombie (D:6)
  2 hound zombies (D:5)
  A hound skeleton (D:4)
  11 gnolls
  9 adders
  A shadow imp (D:6)
  2 worms
  A dart slug (D:1)
  22 orcs
  3 bat skeletons (D:9)
  3 bat zombies (D:9)
  8 endoplasms
  3 giant cockroaches
  6 goblins
  7 hobgoblins
  2 jackals (D:5)
  2 quokkas
  6 ball pythons
  12 bats
  3 frilled lizards
  15 kobolds
  4 rats (D:1)
238 creatures vanquished.

Vanquished Creatures (others)
  5 fungi (D:11)
  8 plants
13 creatures vanquished.

Grand Total: 251 creatures vanquished

Notes
Turn   | Place    | Note
-------+----------+-------------------------------------------
     0 | D:1      | toffzen the Tengu Berserker began the quest for the Orb.
     0 | D:1      | Reached XP level 1. HP: 14/14 MP: 2/2
    90 | D:1      | Reached XP level 2. HP: 19/19 MP: 3/3
   434 | D:1      | Reached ** piety under Trog
   446 | D:1      | Reached XP level 3. HP: 21/23 MP: 4/4
   577 | D:2      | Found a runed translucent door.
   578 | D:2      | Noticed Crazy Yiuf
   736 | D:2      | Found a shimmering blue altar of Sif Muna.
   871 | D:2      | Reached skill level 4 in Polearms
  1247 | D:3      | Found a faded altar of an unknown god.
  1400 | D:3      | Noticed Ijyb
  1467 | D:3      | Killed Ijyb
  1468 | D:3      | Reached XP level 4. HP: 28/28 MP: 5/5
  1564 | D:3      | Found a runed translucent gate.
  1564 | D:3      | Found a runed translucent gate.
  1613 | D:3      | Noticed eXtarkYa's ghost (amateur DrCj)
  1621 | D:3      | Found a runed translucent gate.
  2074 | D:4      | Gained mutation: Your magical nature lets you fly swiftly
                  | and evasively. [Tengu growth]
  2074 | D:4      | Reached XP level 5. HP: 28/32 MP: 6/6
  2173 | D:4      | Noticed a necrophage
  2187 | D:4      | Killed a necrophage
  2188 | D:4      | Reached skill level 5 in Polearms
  2345 | D:4      | Found a hide-covered altar of Uskayaw.
  2477 | D:4      | Reached *** piety under Trog
  2580 | D:4      | Reached XP level 6. HP: 38/38 MP: 7/7
  2742 | D:4      | Identified the +10 falchion "Kasso" {antimagic, Fly Str+5}
  2796 | D:4      | Found an ornate altar of the Wu Jian Council.
  3074 | D:5      | Entered Level 5 of the Dungeon
  3401 | D:5      | Reached XP level 7. HP: 38/43 MP: 2/8
  3543 | D:5      | Reached skill level 6 in Polearms
  3657 | D:5      | Found a staircase to the Ecumenical Temple.
  4561 | D:6      | Reached XP level 8. HP: 48/48 MP: 3/9
  4952 | D:6      | Reached skill level 5 in Fighting
  4952 | D:6      | Reached skill level 7 in Polearms
  5017 | D:6      | Reached skill level 5 in Dodging
  5019 | D:6      | Reached skill level 5 in Armour
  5036 | D:6      | Noticed Blork the orc
  5042 | D:6      | Killed Blork the orc
  5505 | D:6      | Reached skill level 8 in Polearms
  5669 | D:7      | Identified the +4 chain mail of the Four Invaders {rF+ rC+}
  5698 | D:7      | Noticed Harold
  5715 | D:7      | Killed Harold
  5715 | D:7      | Reached **** piety under Trog
  5716 | D:7      | Reached skill level 9 in Polearms
  5716 | D:7      | Reached XP level 9. HP: 55/55 MP: 3/10
  5809 | D:7      | Found a glowing silver altar of Zin.
  6168 | D:7      | Identified the +7 dagger of Xeskeud {venom, *Slow rN+ Will+
                  | Str+4}
  7049 | D:8      | Reached skill level 10 in Polearms
  7049 | D:8      | Reached XP level 10. HP: 47/61 MP: 3/11
  7348 | D:8      | Found Aliysch's Serpentskin Sales.
  7874 | D:8      | Found an iron altar of Okawaru.
  8158 | D:9      | Reached skill level 11 in Polearms
  8179 | D:9      | Found a sacrificial altar of Ru.
  8340 | D:9      | Found a white marble altar of Elyvilon.
  8371 | D:9      | Noticed Psyche
  8384 | D:9      | Killed Psyche
  8984 | D:9      | Noticed Maggie
  8988 | D:9      | Killed Maggie
  8989 | D:9      | Reached XP level 11. HP: 68/68 MP: 4/12
  9137 | D:9      | Found an ancient bone altar of Kikubaaqudgha.
  9435 | D:10     | Entered Level 10 of the Dungeon
  9504 | D:10     | Reached skill level 12 in Polearms
  9880 | D:10     | Noticed a two-headed ogre
  9885 | D:10     | Killed a two-headed ogre
  9960 | D:10     | Found a snail-covered altar of Cheibriados.
  9960 | D:10     | Found a broken altar of Ashenzari.
  9964 | D:10     | Found a hazy altar of Hepliaklqana.
  9964 | D:10     | Found a shimmering blue altar of Sif Muna.
 10239 | D:10     | Found a stormy altar of Qazlal.
 10657 | D:11     | Noticed Erolcha
 10662 | D:11     | Killed Erolcha
 10843 | D:11     | Noticed Gastronok
 10857 | D:11     | Killed Gastronok
 10970 | D:11     | Identified the +4 long sword "Adwed" {vamp, Int+2}
 11158 | D:11     | Reached skill level 13 in Polearms
 11525 | D:11     | Found a staircase to the Orcish Mines.
 11892 | D:11     | Reached XP level 12. HP: 76/76 MP: 13/13
 12124 | D:11     | Reached skill level 1 in Shields
 12150 | D:11     | Noticed Snorg
 12181 | D:11     | Slain by Snorg

Illustrated notes

Levels and vault maps discovered:
D:1:      eino_arrival_water_star, layout_rooms, minmay_quantized
D:2:      layout_loops_ring, basic_altar, uniq_crazy_yiuf_cottage
D:3:      layout_rooms, gammafunk_ghost_split,
          shapermc_ecumenical_altar_totnotflames, uniq_ijyb
D:4:      layout_basic, kennysheep_little_box,
          nicolae_wu_jian_immortal_techniques, corner_web_ring,
          corexii_corridor_pit
D:5:      layout_loops_ring, minmay_temple_entry_purple_smoke,
          grunt_decor_clamped, minivault_4
D:6:      layout_basic, uniq_blork_the_orc
D:7:      layout_basic, nicolae_overflow_crystal_walls, uniq_harold
D:8:      layout_loops_corners, marbit_many_paths, guppyfry_shop_venom
D:9:      layout_rooms, kennysheep_vampire_church, lemuel_crystal_altar,
          nicolae_elyvilon_temple_path, kennysheep_cross_bottleneck,
          uniq_maggie, uniq_psyche
D:10:     layout_irregular_city, lemuel_round_altar, grunt_temple_overflow_open,
          minmay_ruffians
D:11:     layout_roguey, grunt_lair_entry_orc_guard_hut,
          kennysheep_orc_monster_closet_entryway, uniq_erolcha, uniq_gastronok,
          uniq_snorg

Skill      XL: |  1  2  3  4  5  6  7  8  9 10 11 12 |
---------------+-------------------------------------+-----
Polearms       | 4 5 6 9 10 11 13 | 13.2
Armour         | 3 4 6 7 8 9 |  9.7
Dodging        | 3 4 6 7 8 9 |  9.7
Fighting       | 4 6 8 9 |  9.2
Shields        | 1 |  1.2

Action                   |  1- 3 |  4- 6 |  7- 9 | 10-12 || total
-------------------------+-------+-------+-------+-------++-------
Melee: Spear             |   117 |    68 |       |       ||   185
       Kick              |    18 |    13 |    53 |   149 ||   233
       Peck              |     6 |    11 |    41 |   105 ||   163
       Falchion          |       |    13 |   142 |   205 ||   360
       Long sword        |       |       |       |    99 ||    99
Invok: Berserk           |     1 |     2 |     6 |    13 ||    22
       Trog's Hand       |       |     1 |     2 |     7 ||    10
  Use: Scroll            |     1 |     1 |     5 |     5 ||    12
       Potion            |       |     1 |       |       ||     1
 Stab: Sleeping          |     5 |       |       |       ||     5
       Distracted        |     1 |       |       |       ||     1
Armor: Animal skin       |    16 |       |       |       ||    16
       Skin              |    11 |       |       |       ||    11
       Plate armour      |     2 |    28 |    59 |       ||    89
       Chain mail        |       |       |    32 |   189 ||   221
Dodge: Dodged            |    38 |    27 |    68 |   273 ||   406
Block: Buckler           |       |       |       |    18 ||    18
       Rpst.: Falchion   |       |     5 |    23 |    35 ||    63
       Long sword        |       |       |       |    18 ||    18

Table legend: (Time is in decaauts)
 A = Elapsed time spent in this place.
 B = Non-inter-level travel time spent in this place.
 C = Inter-level travel time spent in this place.
 D = Time resting spent in this place.
 E = Time spent auto-exploring this place.
 F = Levels seen in this place.
 G = Mean time per level.
                   A        B        C        D        E       F      G
               +--------+--------+--------+--------+--------+-----+--------+
         Total |  11959 |  11597 |    362 |   3726 |   5670 |  11 | 1087.2 |
       Dungeon |  11959 |  11597 |    362 |   3726 |   5670 |  11 | 1087.2 |
               +--------+--------+--------+--------+--------+-----+--------+

Top non-repeatable levels by time:
     D:9: 1583 daAuts
    D:11: 1377 daAuts
     D:8: 1372 daAuts
     D:6: 1274 daAuts
     D:5: 1244 daAuts
    D:10: 1180 daAuts
     D:4: 1131 daAuts
     D:7: 936 daAuts
     D:2: 744 daAuts
     D:3: 617 daAuts
     D:1: 497 daAuts
